 Dungeon Crawl Stone Soup version 0.27-a0-1431-gcffa5a9b16 (webtiles) character file.

Game seed: 11056465574738610399

354 polio18 the Shield-Bearer (level 6, -4/53 HPs)
             Began as a Minotaur Fighter on July 2, 2021.
             Shot with an arrow by a centaur (13 damage)
             ... on level 4 of the Dungeon.
             The game lasted 00:08:42 (2696 turns).

polio18 the Shield-Bearer (Minotaur Fighter)        Turns: 2696, Time: 00:08:43

Health: -4/53      AC: 15    Str: 23    XL:     6   Next: 35%
Magic:  5/5        EV:  6    Int:  5    God:
Gold:   92         SH: 10    Dex:  9    Spells: 5/5 levels left

rFire    . . .     SeeInvis .   a - +0 war axe (drain)
rCold    . . .     Faith    .   c - +0 kite shield
rNeg     . . .     Spirit   .   r - +0 chain mail
rPois    .         Reflect  .   (helmet restricted)
rElec    .         Harm     .   (no cloak)
rCorr    .         Rampage  .   b - +1 pair of gloves
Will     .....                  l - +2 pair of boots
Stlth    ..........             k - amulet of magic regeneration
HPRegen  0.17/turn              (no ring)
MPRegen  0.34/turn              (no ring)

@: no status effects
A: horns 2, retaliatory headbutt
a: no special abilities


You were on level 4 of the Dungeon.
You visited 1 branch of the dungeon, and saw 4 of its levels.

You collected 92 gold pieces.

Inventory:

Hand Weapons
 a - a +0 war axe of draining (weapon)
 f - a +0 halberd
Missiles
 g - 3 throwing nets (quivered)
Armour
 b - a +1 pair of gloves (worn)
 c - a +0 kite shield (worn)
 l - a +2 pair of boots (worn)
 r - a +0 chain mail (worn)
Jewellery
 k - an amulet of magic regeneration (around neck)
Scrolls
 e - 3 scrolls of identify
Potions
 d - 2 potions of might
 h - 4 potions of curing
 i - a potion of lignification {unknown}
 n - 2 potions of haste
 o - 3 potions of heal wounds
 s - 2 potions of resistance


   Skills:
 + Level 4.7 Fighting
 + Level 5.2 Axes
 + Level 5.2 Armour
 + Level 5.4 Shields


You had 5 spell levels left.
You didn't know any spells.
Your spell library contained the following spells:

 Spells                   Type           Power      Damage    Failure   Level
 Beastly Appendage        Tmut           0%         N/A       100%        1
 Corona                   Hex            0%         N/A       100%        1
 Shock                    Conj/Air       0%         1d3       100%        1
 Blink                    Tloc           N/A        N/A       100%        2
 Ensorcelled Hibernation  Hex/Ice        0%         N/A       100%        2
 Wereblood                Tmut           0%         N/A       100%        2
 Gell's Gravitas          Tloc           0%         N/A       100%        3
 Lesser Beckoning         Tloc           0%         N/A       100%        3
 Spider Form              Tmut/Pois      0%         N/A       100%        3
 Stone Arrow              Conj/Erth      0%         3d7       100%        3
 Swiftness                Air            0%         N/A       100%        3
 Teleport Other           Tloc           0%         N/A       100%        3
 Tukima's Dance           Hex            0%         N/A       100%        3
 Airstrike                Air            0%         N/A       100%        4
 Passage of Golubria      Tloc           N/A        N/A       100%        4
 Bolt of Magma            Conj/Fire/Erth 0%         4d4       100%        5
 Manifold Assault         Tloc           0%         N/A       100%        5
 Yara's Violent Unravell  Hex/Tmut       0%         3d3       100%        5
 Shatter                  Erth           0%         3d5*      100%        9


Dungeon Overview and Level Annotations

Branches:
Dungeon (4/15)
 Temple: D:4-7

Altars:
Hepliaklqana

Shops:
D:1 *


Innate Abilities, Weirdness & Mutations

You have a pair of horns on your head.
You reflexively headbutt those who attack you in melee.


Message History

The gnoll barely misses you. You block the gnoll's attack.
The orc wizard hits you but does no damage.
Items here: ( )) †.
You hit the gnoll but do no damage.
The gnoll is heavily wounded.
You closely miss the orc wizard. You block the gnoll's attack.
The gnoll barely misses you.
The orc wizard hits you with a +0 dagger.
You slash the gnoll!
You kill the gnoll!
You hit the orc wizard but do no damage.
The gnoll hits you from afar with a +0 spear.
The orc wizard hits you with a +0 dagger.
The gnoll hits you from afar with a +0 spear.
You slash the orc wizard!
The orc wizard is severely wounded.
You block the orc wizard's attack.
The gnoll hits you from afar with a +0 spear.
You block the orc wizard's attack.
You slash the orc wizard!
You kill the orc wizard!
The gnoll hits you but does no damage.
A kobold comes into view. It is wielding a +0 club.
You block the gnoll's attack.
A centaur comes into view.
You block the gnoll's attack.
Things that are here:
a +0 mace; a howler monkey corpse The centaur shouts!
The centaur wields a +0 shortbow.
The centaur shoots an arrow.
The arrow hits you but does no damage. You block the kobold's attack.
The gnoll hits you but does no damage.
You miss the kobold. You hit the gnoll. You drain the gnoll.
The centaur shoots an arrow.
The arrow hits you.
* * * LOW HITPOINT WARNING * * *
You block the kobold's attack.
The centaur shoots an arrow.
The arrow hits you.
* * * LOW HITPOINT WARNING * * *
You block the gnoll's attack. The kobold hits you but does no damage.
The centaur shoots an arrow.
The arrow hits you!
You die...

#####.....#
#...>..##.....
#.###c.# #####
#.#...## #.#.###
##)..#
##.####)))##
#......))##
#......g@#
#......$K.......
#.........######
#........##
#........#
##..###### #.#
#.


You could see a centaur, a gnoll (drained) and a kobold.

Vanquished Creatures
  A howler monkey (D:4)
  A gnoll shaman (D:4)
  Terence (D:2)
  2 orc wizards
  4 adders
  7 gnolls (D:4)
  An ufetubus (D:4)
  2 dart slugs
  12 orcs
  9 endoplasms
  4 giant cockroaches
  7 goblins
  4 hobgoblins
  14 jackals
  5 kobolds
  2 quokkas
  4 ball pythons (D:1)
  7 bats
  6 frilled lizards
  2 rats
95 creatures vanquished.

Notes
Turn   | Place    | Note
-------+----------+-------------------------------------------
     0 | D:1      | polio18 the Minotaur Fighter began the quest for the Orb.
     0 | D:1      | Reached XP level 1. HP: 19/19 MP: 0/0
   273 | D:1      | Reached XP level 2. HP: 24/27 MP: 1/1
   467 | D:1      | Found Nouhikh's Assorted Antiques.
   483 | D:1      | Reached XP level 3. HP: 33/33 MP: 2/2
   834 | D:1      | Found a hazy altar of Hepliaklqana.
   968 | D:2      | Noticed an eye of devastation
   972 | D:2      | Noticed a shining eye
   974 | D:2      | Found a faded altar of an unknown god.
   975 | D:2      | Noticed a floating eye
   975 | D:2      | Noticed a floating eye
  1035 | D:2      | Noticed Terence
  1045 | D:2      | Killed Terence
  1133 | D:2      | Reached XP level 4. HP: 37/40 MP: 3/3
  1680 | D:3      | Reached XP level 5. HP: 46/46 MP: 4/4
  2461 | D:4      | Reached skill level 5 in Shields
  2680 | D:4      | Reached XP level 6. HP: 43/53 MP: 5/5
  2682 | D:4      | Reached skill level 5 in Axes
  2682 | D:4      | Reached skill level 5 in Armour
  2696 | D:4      | Shot with an arrow by a centaur

Illustrated notes

Levels and vault maps discovered:
D:1:      dpeg_arrival_water_altar, layout_basic, serial_shops,
          nicolae_square_shop, minmay_vboxes
D:2:      layout_basic, hellmonk_ecumenical_altar_watching_god,
          amcnicky_mini_pool_small, uniq_terence
D:3:      layout_basic, nicolae_overflow_hidden_temple,
          kennysheep_generic_room_15
D:4:      layout_rooms, lightli_sewer_entry_pipes

Skill      XL: |  1  2  3  4  5  6 |
---------------+-------------------+-----
Fighting       | 4 |  4.7
Shields        | 4 5 |  5.4
Armour         | 4 5 |  5.2
Axes           | 3 4 5 |  5.2

Action                   |  1- 3 |  4- 6 || total
-------------------------+-------+-------++-------
Melee: War axe           |    82 |   135 ||   217
       Headbutt          |    12 |    21 ||    33
  Use: Scroll            |       |    10 ||    10
       Potion            |       |     2 ||     2
Armor: Scale mail        |    40 |    40 ||    80
       Chain mail        |       |    83 ||    83
Dodge: Dodged            |    30 |    60 ||    90
Block: Kite shield       |    50 |   114 ||   164

Table legend: (Time is in decaauts)
 A = Elapsed time spent in this place.
 B = Non-inter-level travel time spent in this place.
 C = Inter-level travel time spent in this place.
 D = Time resting spent in this place.
 E = Time spent auto-exploring this place.
 F = Levels seen in this place.
 G = Mean time per level.
                   A        B        C        D        E       F      G
               +--------+--------+--------+--------+--------+-----+--------+
         Total |   2815 |   2701 |    114 |      7 |   1877 |   4 |  703.8 |
       Dungeon |   2815 |   2701 |    114 |      7 |   1877 |   4 |  703.8 |
               +--------+--------+--------+--------+--------+-----+--------+

Top non-repeatable levels by time:
     D:3: 1010 daAuts
     D:1: 944 daAuts
     D:2: 566 daAuts
     D:4: 294 daAuts
